[ AOE2 MATCH · #505824582 ]
UnrankedPersians vs Huns
Player's team · LOSS
Rival team · WIN
[ REPLAY ANALYSIS · EXTRACTED FROM THE RECORDED GAME ]
Feudal
22:01
Castle
34:32
Imperial
—
| APM avg | 25.0 |
| APM peak | 66 |
| eAPM avg | 10.8 |
| Villagers / military | 40 / 28 |
Focus
⚔️ 19.9% · 🌾 80.1%
Archer ×26 · Spearman ×2
Feudal
20:19
Castle
29:39
Imperial
—
| APM avg | 28.3 |
| APM peak | 91 |
| eAPM avg | 12.6 |
| Villagers / military | 81 / 28 |
Focus
⚔️ 28.2% · 🌾 71.8%
Knight ×22 · Scout Cavalry ×6
Match map
Initial resources + every placement click. Lines = walls · curves = elevation contours. ◆ gold · ⬟ stone · ● berries · ✦ relic · ◌ wall gap
Your base· Open — unwalled flank
Pumpk1nL0rd's base· Open — 4t gap
Smoothed initial terrain · ◌ = detected wall gap · hover for details
Inputs per minute
— willem.goossenss - - Pumpk1nL0rd
Build order — willem.goossenss
121 actions detected in the replay
| 0:40 | Build | Town Center |
| 2:34 | Queue | Villager (Male) |
| 2:35 | Queue | Villager (Male) |
| 2:35 | Queue | Villager (Male) |
| 2:35 | Queue | Villager (Male) |
| 2:35 | Queue | Villager (Male) |
| 2:38 | Build | House |
| 2:39 | Build | House |
| 4:00 | Build | House |
| 4:22 | Queue | Villager (Male) |
| 4:28 | Build | Lumber Camp |
| 5:06 | Queue | Villager (Male) |
| 5:13 | Queue | Villager (Male) |
| 5:58 | Queue | Villager (Male) |
| 6:12 | Queue | Villager (Male) |
| 6:12 | Queue | Villager (Male) |
| 6:18 | Research | Loom |
| 7:23 | Queue | Villager (Male) |
| 7:23 | Queue | Villager (Male) |
| 7:45 | Build | House |
| 8:10 | Queue | Villager (Male) |
| 8:46 | Build | Town Center |
| 8:50 | Build | Palisade Wall |
| 8:52 | Build | Palisade Wall |
| 8:54 | Build | Palisade Wall |
| 8:58 | Build | Palisade Wall |
| 9:08 | Build | Mill |
| 9:55 | Queue | Villager (Male) |
| 9:55 | Queue | Villager (Male) |
| 9:55 | Queue | Villager (Male) |
| 11:30 | Queue | Villager (Male) |
| 11:30 | Queue | Villager (Male) |
| 13:41 | Queue | Villager (Male) |
| 13:45 | Build | House |
| 14:28 | Queue | Villager (Male) |
| 14:28 | Queue | Villager (Male) |
| 15:02 | Build | House |
| 15:21 | Queue | Villager (Male) |
| 15:21 | Queue | Villager (Male) |
| 16:05 | Build | Lumber Camp |
| 16:24 | Queue | Villager (Male) |
| 16:24 | Queue | Villager (Male) |
| 17:01 | Queue | Villager (Male) |
| 17:05 | Build | House |
| 17:05 | Build | House |
| 17:06 | Build | House |
| 17:36 | Queue | Villager (Male) |
| 17:40 | Build | Mill |
| 18:13 | Build | Mill |
| 18:18 | Build | House |
| 18:19 | Build | House |
| 18:33 | Build | Barracks |
| 19:57 | Research | Feudal Age |
| 20:10 | Build | Lumber Camp |
| 20:55 | Build | Mining Camp |
| 21:16 | Queue | Villager (Male) |
| 21:16 | Queue | Villager (Male) |
| 22:01 | Age | Feudal Age |
| 22:03 | Queue | Villager (Male) |
| 22:27 | Build | Archery Range |
| 22:32 | Queue | Villager (Male) |
| 22:57 | Queue | Spearman |
| 23:08 | Queue | Archer |
| 23:09 | Queue | Archer |
| 23:13 | Queue | Spearman |
| 23:31 | Queue | Villager (Male) |
| 23:31 | Queue | Villager (Male) |
| 23:42 | Queue | Archer |
| 23:55 | Queue | Archer |
| 24:16 | Build | Blacksmith |
| 24:23 | Queue | Archer |
| 24:38 | Queue | Archer |
| 24:53 | Build | Mill |
| 25:01 | Queue | Archer |
| 25:42 | Queue | Archer |
| 25:42 | Queue | Archer |
| 25:51 | Research | Fletching |
| 25:53 | Queue | Villager (Male) |
| 25:53 | Queue | Villager (Male) |
| 26:17 | Build | Farm |
| 26:24 | Queue | Archer |
| 26:31 | Queue | Villager (Male) |
| 26:46 | Research | Padded Archer Armor |
| 26:55 | Build | Mining Camp |
| 27:01 | Build | Farm |
| 27:01 | Build | Farm |
| 27:04 | Build | Farm |
| 27:06 | Build | Farm |
| 27:09 | Build | Farm |
| 27:35 | Queue | Villager (Male) |
| 27:38 | Build | Farm |
| 27:40 | Build | Farm |
| 27:46 | Build | House |
| 27:46 | Build | House |
| 28:11 | Build | Farm |
| 28:17 | Queue | Villager (Male) |
| 28:17 | Queue | Villager (Male) |
| 28:52 | Research | Town Watch |
| 28:58 | Build | House |
| 28:59 | Build | House |
| 29:49 | Build | Archery Range |
| 29:52 | Queue | Archer |
| 29:52 | Queue | Archer |
| 29:52 | Queue | Archer |
| 30:07 | Build | Farm |
| 30:50 | Queue | Archer |
| 30:51 | Queue | Archer |
| 30:53 | Queue | Archer |
| 30:53 | Queue | Archer |
| 32:07 | Research | Castle Age |
| 32:10 | Queue | Archer |
| 32:10 | Queue | Archer |
| 32:10 | Queue | Archer |
| 32:26 | Build | Lumber Camp |
| 32:33 | Queue | Archer |
| 32:33 | Queue | Archer |
| 33:28 | Queue | Archer |
| 33:28 | Queue | Archer |
| 34:26 | Queue | Archer |
| 34:26 | Queue | Archer |
| 34:32 | Age | Castle Age |
Build order — Pumpk1nL0rd
134 actions detected in the replay
| 0:04 | Build | Town Center |
| 2:18 | Queue | Villager (Male) ×4 |
| 3:02 | Build | Mill |
| 3:26 | Research | Loom |
| 3:57 | Queue | Villager (Male) ×2 |
| 5:06 | Queue | Villager (Male) |
| 5:23 | Queue | Villager (Male) |
| 5:24 | Queue | Villager (Male) ×2 |
| 6:09 | Build | Mill |
| 6:34 | Queue | Villager (Male) ×3 |
| 6:35 | Queue | Villager (Male) ×3 |
| 6:56 | Queue | Villager (Male) ×3 |
| 8:00 | Queue | Villager (Male) |
| 8:23 | Build | Mill |
| 8:40 | Queue | Villager (Male) |
| 9:09 | Build | Lumber Camp |
| 9:19 | Queue | Villager (Male) |
| 9:21 | Queue | Villager (Male) |
| 11:06 | Queue | Villager (Male) |
| 11:25 | Build | Lumber Camp |
| 11:33 | Queue | Villager (Male) |
| 12:04 | Queue | Villager (Male) |
| 13:25 | Build | Barracks |
| 13:36 | Build | Town Center |
| 14:13 | Queue | Villager (Male) ×5 |
| 14:13 | Queue | Villager (Male) ×2 |
| 14:27 | Queue | Villager (Male) |
| 14:59 | Queue | Villager (Male) |
| 15:03 | Queue | Villager (Male) |
| 15:26 | Queue | Villager (Male) |
| 16:07 | Queue | Villager (Male) |
| 16:15 | Queue | Villager (Male) |
| 16:46 | Queue | Villager (Male) |
| 17:10 | Build | Mining Camp |
| 17:27 | Queue | Villager (Male) |
| 18:09 | Research | Feudal Age |
| 18:37 | Build | Palisade Gate |
| 18:47 | Build | Palisade Wall |
| 18:50 | Build | Palisade Wall |
| 18:51 | Queue | Villager (Male) |
| 19:54 | Queue | Villager (Male) |
| 19:58 | Build | Barracks |
| 20:19 | Age | Feudal Age |
| 20:23 | Build | Stable |
| 20:27 | Research | Double-Bit Axe |
| 20:30 | Research | Town Watch |
| 20:53 | Queue | Villager (Male) |
| 20:54 | Queue | Scout Cavalry ×2 |
| 20:58 | Queue | Villager (Male) |
| 21:01 | Queue | Villager (Male) |
| 21:16 | Queue | Villager (Male) |
| 21:21 | Queue | Scout Cavalry |
| 21:43 | Queue | Scout Cavalry |
| 21:44 | Queue | Villager (Male) |
| 21:47 | Queue | Villager (Male) |
| 22:09 | Queue | Villager (Male) |
| 22:26 | Queue | Scout Cavalry |
| 22:43 | Queue | Villager (Male) |
| 22:46 | Queue | Villager (Male) |
| 22:52 | Queue | Villager (Male) |
| 22:58 | Queue | Scout Cavalry |
| 23:23 | Queue | Villager (Male) |
| 23:25 | Queue | Villager (Male) |
| 23:33 | Queue | Villager (Male) |
| 23:56 | Queue | Villager (Male) |
| 24:07 | Queue | Villager (Male) |
| 24:37 | Build | Farm |
| 24:38 | Build | Farm |
| 24:38 | Build | Farm |
| 24:38 | Build | Farm |
| 24:38 | Build | Farm |
| 24:39 | Build | Farm |
| 24:39 | Build | Farm |
| 24:39 | Build | Farm |
| 24:39 | Build | Farm |
| 24:40 | Build | Farm |
| 24:40 | Build | Farm |
| 24:40 | Build | Farm |
| 25:01 | Queue | Villager (Male) |
| 26:08 | Build | Market |
| 26:09 | Queue | Villager (Male) |
| 26:19 | Queue | Villager (Male) |
| 26:48 | Research | Castle Age |
| 27:04 | Build | Mill |
| 27:16 | Research | Bloodlines |
| 28:09 | Queue | Villager (Male) |
| 28:23 | Build | Lumber Camp |
| 28:54 | Queue | Villager (Male) |
| 29:17 | Build | Stable |
| 29:37 | Build | Blacksmith |
| 29:39 | Age | Castle Age |
| 29:41 | Queue | Knight ×5 |
| 29:41 | Queue | Knight |
| 30:07 | Queue | Knight ×2 |
| 30:10 | Research | Scale Barding Armor |
| 30:12 | Research | Forging |
| 30:34 | Build | Town Center |
| 30:42 | Queue | Villager (Male) ×4 |
| 30:42 | Queue | Villager (Male) |
| 30:48 | Build | Farm |
| 30:49 | Build | Farm |
| 30:49 | Build | Farm |
| 30:57 | Queue | Knight |
| 31:03 | Research | Husbandry |
| 31:40 | Build | Mining Camp |
| 31:45 | Queue | Villager (Male) ×5 |
| 31:45 | Queue | Villager (Male) |
| 31:51 | Queue | Knight |
| 32:03 | Queue | Knight |
| 32:04 | Queue | Knight |
| 32:25 | Queue | Villager (Male) ×3 |
| 32:46 | Queue | Villager (Male) ×3 |
| 33:36 | Research | Chain Barding Armor |
| 33:39 | Queue | Knight |
| 33:55 | Queue | Knight |
| 33:55 | Queue | Knight |
| 34:01 | Queue | Knight |
| 34:24 | Build | Farm |
| 34:25 | Build | Farm |
| 34:25 | Build | Farm |
| 34:25 | Build | Farm |
| 34:25 | Build | Farm |
| 34:29 | Queue | Knight |
| 34:35 | Queue | Knight |
| 34:50 | Build | Farm |
| 34:50 | Build | Farm |
| 34:50 | Build | Farm |
| 34:50 | Build | Farm |
| 34:51 | Build | Farm |
| 34:51 | Build | Farm |
| 34:52 | Queue | Villager (Male) |
| 35:09 | Queue | Knight ×2 |
| 35:28 | Queue | Knight |
| 35:39 | Queue | Knight |
Match timeline
| 8:50 | willem.goossenss · wall_segment Palisade Wall x1 |
| 8:52 | willem.goossenss · wall_segment Palisade Wall x1 |
| 8:54 | willem.goossenss · wall_segment Palisade Wall x1 |
| 8:58 | willem.goossenss · wall_segment Palisade Wall x1 |
| 13:25 | Pumpk1nL0rd · first_building Barracks |
| 18:33 | willem.goossenss · first_building Barracks |
| 18:47 | Pumpk1nL0rd · wall_segment Palisade Wall x3 |
| 18:50 | Pumpk1nL0rd · wall_segment Palisade Wall x2 |
| 20:19 | Pumpk1nL0rd · age_up feudal |
| 20:23 | Pumpk1nL0rd · first_building Stable |
| 22:01 | willem.goossenss · age_up feudal |
| 22:27 | willem.goossenss · first_building Archery Range |
| 29:33 | Pumpk1nL0rd · first_market_buy 100 wood |
| 29:39 | Pumpk1nL0rd · age_up castle |
| 31:50 | Pumpk1nL0rd · first_market_sell 100 wood |
| 34:32 | willem.goossenss · age_up castle |
| 35:58 | willem.goossenss · resign |
[ AI ANALYSIS · 1 CREDIT ]
What really happened in this match?
Wolo.gg analyzes every decision: build order, eco, micro, common mistakes by bracket. Personalized analysis on WhatsApp or Discord in 30 seconds.
Civ guide
Persians
Perfil
willem.goossenss